Map: Ulrena

Players

Miszu - Winner!

  • Race: Terran Terran
  • League: Grandmaster

IIIIIIIIIIII

  • Race: Terran Terran
  • League: Master

VOD

Have the link to the VOD?

Description

Time

  • Played on: May 11, 2016, 4:53 p.m.
  • Length: 9:34
Show
View Real Time Build Order
Export as new Build Order

Miszu Terran - Winner!

Build Orders: 1/1/1 

Get SALT Encoding   

  12  0:00  SCV  
  13  0:12  SCV  
  14  0:17  Supply Depot  
  14  0:25  SCV  
  15  0:28  Refinery  
  15  0:39  SCV  
  16  0:45  Barracks  
  16  0:51  SCV  
  17  0:58  Refinery  
  17  1:03  SCV  
  18  1:16  SCV  
  19  1:28  SCV  
  20  1:33  Factory  
  20  1:36  Reaper  
  21  1:44  Orbital Command  
  21  1:55  Supply Depot  
  21  2:08  Reaper  
  22  2:09  SCV  
  23  2:17  Hellion  
  25  2:23  Starport  
  25  2:30  SCV  
  25  2:33  Supply Depot  
  26  2:40  Reaper  
  26  2:41  Hellion  
  29  3:03  Medivac  
  29  3:04  Hellion  
  33  3:05  Supply Depot  
  33  3:11  SCV  
  33  3:12  Barracks Tech Lab  
  34  3:23  SCV  
  34  3:26  Factory Tech Lab  
  35  3:33  Viking  
  37  3:44  Command Center  
  36  4:05  Marine  
  36  4:06  Cyclone  
  35  4:11  SCV  
  35  4:14  Viking  
  33  4:22  Marine  
  33  4:23  SCV  
  35  4:24  Barracks  
  35  4:29  Barracks  
  35  4:35  SCV  
  36  4:44  Stimpack  
  36  4:48  SCV  
  36  4:52  Siege Tank  
  40  4:53  Marine  
  41  5:00  SCV  
  41  5:05  Orbital Command  
  42  5:12  SCV  
  42  5:13  Barracks Reactor  
  43  5:17  Barracks Reactor  
  43  5:21  Orbital Command  
  43  5:22  Starport Reactor  
  43  5:24  SCV  
  44  5:30  Marine  
  44  5:35  Engineering Bay  
  45  5:36  SCV  
  45  5:38  Siege Tank  
  49  5:48  SCV  
  49  5:49  Marine  
  51  5:50  Marine x2  
  51  5:51  SCV  
  53  5:59  Marine x2  
  53  6:00  SCV  
  53  6:03  SCV  
  57  6:07  Marine  
  57  6:09  Medivac  
  61  6:12  Viking  
  61  6:14  SCV  
  62  6:28  Terran Infantry Weapons Level 1  
  62  6:32  Supply Depot  
  62  6:33  Supply Depot  
  62  6:36  Refinery  
  62  6:53  Marine x5, Medivac, SCV  
  70  6:55  Medivac  
  70  6:57  Supply Depot  
  70  6:59  SCV  
  73  7:04  Missile Turret  
  73  7:05  SCV  
  74  7:08  Missile Turret  
  74  7:11  Marine x3  
  74  7:12  SCV  
  78  7:18  SCV  
  49  7:32  Marine  
  50  7:37  Marine  
  50  7:38  Marine  
  50  7:39  Marine x2  
  50  7:52  Marine  
  50  7:54  Siege Tank  
  50  7:55  Marine  
  50  7:56  Marine  
  50  7:57  Marine x2  
  56  8:04  Barracks x2  
  56  8:09  Medivac  
  56  8:10  Marine  
  60  8:12  SCV  
  60  8:13  Marine, SCV  
  60  8:14  Marine x2  
  60  8:15  Marine  
  65  8:27  Marine  
  65  8:29  Siege Tank  
  65  8:30  Marine  
  65  8:32  Marine x2  
  65  8:33  Marine  
  73  8:45  Marine  
  74  8:48  Marine  
  74  8:53  Command Center  
  74  9:05  Marine x6  
  74  9:06  Marine  
Show
View Real Time Build Order
Export as new Build Order

IIIIIIIIIIII Terran 

Build Orders: 1/1/1, Banshee Rush 

Get SALT Encoding   

  12  0:01  SCV  
  13  0:13  SCV  
  14  0:17  Supply Depot  
  14  0:29  Refinery, SCV  
  15  0:43  Barracks  
  15  0:45  SCV  
  16  0:58  SCV  
  16  0:59  Refinery  
  17  1:10  SCV  
  18  1:30  Orbital Command  
  18  1:31  Factory  
  18  1:35  Reaper  
  19  1:51  Supply Depot  
  19  1:56  SCV  
  20  2:07  Reaper  
  21  2:08  SCV  
  24  2:16  Hellion  
  24  2:20  SCV  
  25  2:28  Starport  
  25  2:34  SCV  
  28  2:37  Hellion  
  28  2:48  SCV  
  28  2:49  Supply Depot, Barracks Tech Lab  
  30  3:10  Widow Mine  
  31  3:13  Barracks Reactor  
  31  3:15  Cloaking Field, Viking  
  33  3:33  Command Center  
  33  3:40  Supply Depot, SCV  
  34  3:46  Raven  
  36  3:53  SCV  
  36  3:58  Marine  
  36  3:59  Marine  
  36  4:05  SCV  
  31  4:21  SCV  
  32  4:26  Factory Tech Lab  
  32  4:35  SCV  
  33  4:43  Banshee  
  36  4:53  SCV  
  36  4:57  Orbital Command  
  37  5:06  SCV  
  38  5:10  Siege Tank  
  41  5:19  Marine x2, SCV  
  44  5:24  SCV  
  45  5:31  SCV  
  45  5:32  Viking  
  48  5:36  Marine, SCV  
  48  5:37  Marine  
  50  5:43  SCV  
  50  5:48  SCV  
  52  5:55  SCV  
  53  5:58  Marine x2  
  53  6:00  Siege Tank, SCV  
  56  6:05  Supply Depot  
  56  6:07  SCV  
  56  6:09  Banshee  
  60  6:12  SCV  
  61  6:19  SCV  
  62  6:26  Supply Depot, Marine x2, SCV  
  62  6:31  SCV  
  66  6:33  Siege Tank  
  66  6:38  SCV  
  70  6:41  Supply Depot  
  70  6:42  Supply Depot  
  70  6:47  SCV  
  70  6:50  SCV  
  72  6:57  Marine  
  72  6:59  SCV  
  72  7:00  Stimpack  
  74  7:03  SCV  
  75  7:11  SCV  
  75  7:12  Command Center  
  76  7:21  SCV  
  67  7:23  SCV  
  59  7:31  Marine  
  59  7:32  Siege Tank  
  59  7:33  SCV  
  59  7:36  SCV  
  59  7:37  Engineering Bay, Barracks x2  
  64  7:45  SCV  
  64  7:48  SCV  
  63  7:53  Marine, Medivac x2  
  63  7:57  Refinery, SCV  
  63  7:58  Refinery  
  69  8:00  SCV  
  68  8:09  SCV  
  68  8:11  Barracks  
  68  8:12  SCV  
  70  8:13  Marine, Barracks  
  71  8:21  Supply Depot, SCV  
  71  8:23  Supply Depot  
  71  8:24  SCV  
  71  8:26  Barracks Reactor, Medivac x2  
  77  8:28  Barracks Reactor  
  77  8:33  Orbital Command  
  77  8:35  Marine  
  77  8:40  SCV x2  
  80  8:53  Marine  
  81  8:58  Barracks Reactor  
  81  8:59  Barracks Reactor  
  78  9:03  Marine x2  
  78  9:05  SCV x2  
  78  9:06  SCV  
  78  9:07  Marine  
  78  9:08  Marine x3  
  86  9:11  Marine  
  79  9:17  SCV x2  
  79  9:18  SCV  
Tags
 
Add a new tag
Caveats
  • Supply blocks, unpowered buildings, or Contaminate may cause inaccurate times.
  • Supply counts are checked every 10 seconds.